 Dungeon Crawl Stone Soup version 0.31-a0-836-g3ceb0a68c4 (webtiles) character file.

Game seed: 7110497807949860315

217198 olmar the Rich (level 19, -1/152 HPs)
             Began as a Gnoll Warper on Sept 21, 2023.
             Was an Initiate of Gozag.
             Killed by the air
             ... invoked by a spriggan air mage
              (25 damage)
             ... on level 2 of the Depths on Sept 27, 2023.
             The game lasted 02:26:56 (56980 turns).

olmar the Rich (Gnoll Warper)                      Turns: 56980, Time: 02:26:59

Health: -1/152     AC: 16    Str: 18    XL:     19   Next: 47%
Magic:  1/37       EV: 20    Int: 18    God:    Gozag
Gold:   2892       SH: 14    Dex: 19    Spells: 3/46 levels left

rFire   + + +        s - staff "Ilealal" {rF+ Will++ Str+4 Hexes Fire}
rCold   + . .        B - +0 kite shield {reflect}
rNeg    + . .        a - +4 Cigotuvi's embrace {Corpsefed rMiasma Drain rN+}
rPois   +            N - +2 hat of the Endless Expanse {+Inv rPois rC- Regen+}
rElec   .            M - scarf {rC+ rF+}
rCorr   .            w - +2 pair of gloves
SInv    .            J - +0 pair of boots of the Burning Gods {Dex+8 Stlth-}
Will    +++..        j - amulet of Derupnuolycw {rF+ Regen+}
Stlth   +++++        A - ring of protection from cold
HPRegen 2.05/turn    O - ring of the Mage {Wiz Archmagi}
MPRegen 0.25/turn

%: reflection, wizardry (x1), archmagi
@: gold aura, studying Stealth
A: fangs 1, strong nose, distributed training
a: Renounce Religion, Evoke Invisibility, Potion Petition, Call Merchant, Bribe
Branch


You were on level 2 of the Depths.
You worshipped Gozag.
Gozag was most pleased with you.
You visited 8 branches of the dungeon, and saw 32 of its levels.
You also visited: Bailey.

You collected 11832 gold pieces.
You spent 4644 gold pieces at shops.
You paid 4296 gold pieces to Gozag.

Inventory:

Hand Weapons
 b - a +2 demon whip of venom
Missiles
 c - 4 atropa-tipped darts
 d - 4 darts of dispersal
 Q - 19 curare-tipped darts
 R - 14 boomerangs
Armour
 a - the +4 Cigotuvi's embrace (worn) {Corpsefed rMiasma Drain rN+}
   (You bought it in a shop on level 2 of the Lair of Beasts)

   Corpsefed: It gathers nearby corpses to temporarily increase the armour it
   provides.
   rMiasma:   It protects you from foul pestilence.
   rN+:       It protects you from negative energy.
   Drain:     It drains your maximum health when unequipped.
 w - a +2 pair of gloves (worn)
 B - a +0 kite shield of reflection (worn)
 J - the +0 pair of boots of the Burning Gods (worn) {Dex+8 Stlth-}
   (You found it on level 5 of the Lair of Beasts)

   Dex+8:     It affects your dexterity (+8).
   Stlth-:    It makes you less stealthy.
 M - a scarf of resistance (worn)
 N - the +2 hat of the Endless Expanse (worn) {+Inv rPois rC- Regen+}
   (You bought it in a shop on level 10 of the Dungeon)

   rC-:       It makes you vulnerable to cold.
   rPois:     It protects you from poison +Inv: It lets you turn invisible.
   Regen+:    It increases your rate of health regeneration.
 P - a +1 cloak of preservation
Magical Staves
 s - the staff "Ilealal" (weapon) {rF+ Will++ Str+4 Hexes Fire}
   (You acquired it on level 4 of the Lair of Beasts)

   [staff of fire]

   Base accuracy: +5 Base damage: 5 Base attack delay: 1.2 This weapon's minimum
   attack delay (0.6) is reached at skill level 12.
   Str+4:     It affects your strength (+4).
   rF+:       It protects you from fire.
   Will++:    It greatly increases your willpower.
   Hexes:     It increases the power of your Hexes spells.
   Fire:      It increases the power of your Fire spells.
   It falls into the 'Staves' category.
   It is a one-handed weapon.
Jewellery
 j - the amulet of Derupnuolycw (around neck) {rF+ Regen+}
   (You found it on level 5 of the Lair of Beasts)

   [amulet of regeneration]

   rF+:       It protects you from fire.
   Regen+:    It increases your rate of health regeneration.
 n - a ring of willpower
 A - a ring of protection from cold (left hand)
 L - a ring of fire
 O - the ring of the Mage (right hand) {Wiz Archmagi}
   (You found it on level 5 of the Lair of Beasts)

   [ring of wizardry]

   Wiz:       It improves your spell success rate.
   Archmagi:  It increases the power of your magical spells.
Wands
 h - a wand of charming (1)
 v - a wand of mindburst (10)
 E - a wand of roots (10) (quivered)
 H - a wand of flame (38)
 U - a wand of light (1)
 Z - a wand of polymorph (15)
Scrolls
 o - 4 scrolls of amnesia
 p - 5 scrolls of revelation
 r - a scroll of silence
 x - 2 scrolls of enchant armour
 G - 4 scrolls of enchant weapon
 I - 4 scrolls of fear
 S - a scroll of torment
 T - 8 scrolls of immolation
 V - 4 scrolls of fog
 W - a scroll of poison
 X - 2 scrolls of vulnerability
 Y - 8 scrolls of identify
Potions
 e - a potion of invisibility
 f - a potion of berserk rage
 i - 4 potions of lignification
 k - 3 potions of attraction
 l - 3 potions of heal wounds
 m - 2 potions of resistance
 q - 8 potions of haste
 t - 16 potions of curing
 u - a potion of brilliance
 y - 7 potions of degeneration
 z - 8 potions of might
 C - 4 potions of enlightenment
 D - 5 potions of magic
 F - 7 potions of cancellation
 K - 2 potions of mutation


   Skills:
 + Level 14.0 Fighting
 + Level 13.3 Short Blades
 + Level 13.3 Long Blades
 + Level 13.3 Axes
 + Level 14.0 Maces & Flails
 + Level 13.3 Polearms
 + Level 13.3 Staves
 + Level 13.3 Ranged Weapons
 + Level 13.5 Throwing
 + Level 13.5 Armour
 + Level 14.0 Dodging
 + Level 14.0 Stealth
 + Level 13.3 Shields
 + Level 13.3 Unarmed Combat
 + Level 14.2 Spellcasting
 + Level 11.3 Conjurations
 + Level 11.3 Hexes
 + Level 11.3 Summonings
 + Level 11.3 Necromancy
 + Level 12.5 Translocations
 + Level 11.3 Transmutations
 + Level 11.3 Fire Magic
 + Level 11.3 Ice Magic
 + Level 11.3 Air Magic
 + Level 11.3 Earth Magic
 + Level 11.3 Poison Magic
 + Level 14.4 Invocations
 + Level 13.3 Evocations
 + Level 12.3 Shapeshifting


You had 3 spell levels left.
You knew the following spells:

 Your Spells              Type           Power      Damage    Failure   Level
a - Blink                 Tloc           100%       N/A       1%          2
b - Lesser Beckoning      Tloc           100%       N/A       1%          2
c - Ensorcelled Hibernat  Hex/Ice        100%       N/A       1%          2
d - Teleport Other        Tloc           72%        N/A       1%          3
e - Manifold Assault      Tloc           72%        N/A       1%          4
f - Passwall              Tmut/Erth      57%        N/A       1%          2
g - Scorch                Fire           100%       2d9       1%          2
h - Frozen Ramparts       Ice            100%       1d16      1%          3
i - Summon Ice Beast      Ice/Summ       69%        N/A       1%          4
j - Inner Flame           Hex/Fire       100%       N/A       1%          3
k - Sticky Flame          Conj/Fire      88%        2d10      1%          4
l - Starburst             Conj/Fire      44%        6d12      6%          6
m - Eringya's Noxious Bo  Tmut/Pois      34%        4d6       6%          6

Your spell library contained the following spells:

 Spells                   Type           Power      Damage    Failure   Level
 Apportation              Tloc           100%       N/A       1%          1
 Freeze                   Ice            100%       1d10      1%          1
 Magic Dart               Conj           100%       1d8       1%          1
 Necrotise                Necr           100%       1d9       1%          1
 Sandblast                Erth           100%       2d20      1%          1
 Sting                    Tmut/Pois      100%       1d8       1%          1
 Summon Small Mammal      Summ           100%       N/A       1%          1
 Jinxbite                 Hex            100%       N/A       1%          2
 Poisonous Vapours        Pois/Air       100%       N/A       1%          2
 Searing Ray              Conj           100%       2d8       1%          2
 Sublimation of Blood     Necr           69%        N/A       1%          2
 Wereblood                Tmut           69%        N/A       1%          2
 Call Canine Familiar     Summ           69%        N/A       1%          3
 Dazzling Flash           Conj/Hex       100%       N/A       1%          3
 Gell's Gravitas          Tloc           72%        N/A       1%          3
 Hailstorm                Conj/Ice       69%        3d14      1%          3
 Ozocubu's Armour         Ice            69%        N/A       1%          3
 Sigil of Binding         Hex            88%        N/A       1%          3
 Swiftness                Air            69%        N/A       1%          3
 Volatile Blastmotes      Fire/Tloc      100%       2d18      1%          3
 Anguish                  Hex/Necr       44%        N/A       1%          4
 Animate Armour           Summ/Erth      100%       N/A       1%          4
 Cause Fear               Hex            44%        N/A       1%          4
 Dimensional Bullseye     Hex/Tloc       45%        N/A       1%          4
 Flame Wave               Conj/Fire      88%        2d19      1%          4
 Fulminant Prism          Conj/Hex       44%        3d19      1%          4
 Leda's Liquefaction      Hex/Erth       44%        N/A       1%          4
 Olgreb's Toxic Radiance  Pois           69%        N/A       1%          4
 Passage of Golubria      Tloc           72%        N/A       1%          4
 Petrify                  Tmut/Erth      69%        N/A       1%          4
 Vhi's Electric Charge    Tloc/Air       100%       N/A       1%          4
 Alistair's Intoxication  Tmut/Pois      46%        N/A       1%          5
 Metabolic Englaciation   Hex/Ice        44%        N/A       1%          5
 Silence                  Hex/Air        44%        N/A       1%          5
 Summon Mana Viper        Hex/Summ       88%        N/A       1%          5
 Dispersal                Tloc           36%        N/A       4%          6
 Summon Cactus Giant      Summ           34%        N/A       6%          6
 Enfeeble                 Hex            44%        N/A       32%         7
 Monstrous Menagerie      Summ           34%        N/A       32%         7
 Summon Hydra             Summ           34%        N/A       32%         7
 Disjunction              Tloc           36%        N/A       82%         8
 Lehudib's Crystal Spear  Conj/Erth      34%        10d9      92%         8
 Maxwell's Capacitive Co  Air            34%        ∞         92%         8
 Simulacrum               Ice/Necr       Unusable   N/A       N/A         6

Dungeon Overview and Level Annotations

Branches:
Dungeon (15/15)            Temple (0/1) D:7            Lair (5/5) D:10
 Shoals (1/4) Lair:2       Spider (1/4) Lair:3        Slime (1/5) Lair:5
    Orc (2/2) D:10            Elf (3/3) Orc:2        Vaults (0/5) D:13
 Depths (4/4) D:15            Zot (0/5) Depths:4     Bailey (visited)

Altars:
Fedhas
Gozag
Hepliaklqana
Kikubaaqudgha
Okawaru
Sif Muna
Vehumet
Wu Jian
Jiyva

Shops:
D:10 [   D:12 *!   D:13 *:(:(   Orc:2 =*[*   Elf:2 !   Lair:2 [   Depths:2 *
Depths:4 ::=

Portals:
Hell: Depths:1
Abyss: D:5 Depths:1
Pandemonium: Depths:2
Trove: D:11 (give +4 ice dragon scales)

Annotations:
Orc:2 3 runed translucent doors, bungle's ghost, adept TrSh
Elf:2 3 runed translucent doors
Depths:1 1 runed translucent door


Innate Abilities, Weirdness & Mutations

You have very sharp teeth.
Your uncanny sense of smell can sniff out nearby items.
Your experience applies equally to all skills.


Message History

The fire giant points at you and mumbles some strange words.
The bolt of fire misses you.
Unknown command.
Okay, then.
You hit Aizul but do no damage. You burn Aizul!!
You kill Aizul!
You feel very sick.
The polar bear is no longer distracted by gold.
The spriggan air mage is no longer distracted by gold.
The spriggan air mage gestures at you while chanting.
The bolt of lightning misses you.
Okay, then.
Okay, then.
Press: ? - help, v - describe, . - travel, g - get item
Here: a fire giant, wielding a +0 great sword of flaming (flame, lightly wounded)
Items here: 23 gold pieces; a +0 hand axe; a +0 animal skin.
The floor.
You feel very sick.
The fire giant is engulfed in blazing flames.
The fire giant casts a spell at you.
The fireball explodes!
The fireball engulfs you. You resist.
* * * LOW HITPOINT WARNING * * *
The spriggan air mage waves its arms in wide circles.
The air twists around and strikes you!
* * * LOW HITPOINT WARNING * * *
Unknown command.
Unknown command.
Okay, then.
The air fills with toxic fumes!
As you read the scroll of poison, it crumbles to dust.
You feel very sick.
The polar bear is engulfed in blazing flames.
The polar bear rages.
You feel better.
The polar bear is engulfed in blazing flames.
The fire giant is engulfed in blazing flames.
The spriggan air mage waves its arms in wide circles.
The air twists around and strikes you!!
You die...
Your body crumbles into a pile of gold.

##.....[...# ##..#
#§§§§§§§§§.# #..##
##§§§§§§§#.##
##..# #§§§§§§§##.#
#..## ##§§§§§§####
##..# #.§§§§§§§§#
..## #.#§§§§§§§##
##.. ###§§§§§§§§#
#..## ##@§§§§##.##
##.##
#§§§§§###..##
#....
##§§§Ch§§i..#
##.#.
##§§i☼§§§..#######
##§C§§§§..#i.....
#§#§.§§.....#.#.
#§§§§§§....#####
##§§§§§....#####
#..............


You could see 2 fire giants, a spriggan berserker (regenerating, strong-willed),
a spriggan air mage (repels missiles) and a polar bear (summoned, berserk).

Vanquished Creatures
  A dread lich (Depths:1)
  The ghost of Gemnonof the Warrior, an adept DgCj (Depths:1)
  2 liches (Depths:2)
  A tentacled monstrosity (Depths:2)
  Gastronok (D:12)
  A deep elf master archer (Elf:3)
  2 deep elf blademasters (Elf:3)
  2 storm dragons (Depths:4)
  2 tengu reavers (Depths:2)
  Aizul (Depths:2)
  4 fire giants
  A draconian knight (Depths:4)
  3 frost giants (Depths:2)
  A draconian stormcaller (Depths:4)
  6 deep elf sorcerers
  6 deep elf elementalists (Elf:3)
  11 stone giants
  7 very ugly things
  Nessos (D:13)
  A vampire knight (Depths:1)
  8 deep elf annihilators (Elf:3)
  A black draconian (Depths:4)
  A green draconian (Depths:4)
  6 deep elf demonologists
  A red draconian (Depths:4)
  2 purple draconians (Depths:4)
  7 deep elf death magi
  A white draconian (Depths:4)
  Azrael (D:15)
  3 ettins (Depths:1)
  2 jiangshi
  Josephine (D:15)
  2 merfolk impalers (Shoals:1)
  4 fire dragons
  An entropy weaver (Spider:1)
  3 deep elf high priests (Elf:3)
  2 rakshasas
  6 vault guards
  8 ice dragons
  2 spriggan air magi (Depths:1)
  2 hydras
  8 centaur warriors
  3 two-headed ogres
  5 death yaks
  8 boulder beetles
  4 dancing weapons
  8 deep troll shamans
  5 tengu warriors
  5 vampire magi (Depths:1)
  3 deep troll earth magi
  2 orc high priests
  5 spriggan berserkers
  Amaemon (D:9)
  3 hell knights
  Nergalle (D:12)
  9 deep elf knights
  3 iron trolls (Depths:1)
  2 skysharks (Lair:4)
  6 skeletal warriors
  A sea snake (Shoals:1)
  A goliath frog (Lair:5)
  A sun moth (Lair:3)
  2 flayed ghosts
  8 deep trolls
  6 glowing orange brains
  An orb spider (Spider:1)
  Pikel (D:5)
  2 wizards (Elf:1)
  17 deep elf pyromancers
  The ghost of osoart the Ruffian, a novice MiSh of Kikubaaqudgha (D:5)
  2 necromancers
  7 deep elf archers
  A steelbarb worm (Spider:1)
  3 orc knights
  2 wolf spiders (Spider:1)
  2 orc sorcerers (Elf:1)
  17 ugly things
  17 deep elf zephyrmancers
  5 manticores
  5 cyclopes
  4 black mambas
  Joseph (D:7)
  2 torpor snails
  A black mamba (shapeshifter) (Elf:2)
  An orange demon (D:9)
  2 eyes of devastation (shapeshifter)
  Maggie (D:7)
  23 cane toads
  5 gargoyles
  A freezing wraith (D:14)
  A yaktaur (D:15)
  An unseen horror (D:10)
  4 rime drakes
  10 komodo dragons
  2 tengu conjurers
  An ancient zyme (D:5)
  7 trolls
  A yaktaur (shapeshifter) (D:14)
  2 tyrant leeches
  A meliai (Lair:3)
  2 polar bears
  2 tarantellas (Spider:1)
  4 dream sheep (Lair:4)
  Prince Ribbit (Bailey)
  31 blink frogs
  A centaur simulacrum (D:14)
  A snapping turtle (Lair:2)
  6 slime creatures
  4 jumping spiders
  An air elemental (Elf:1)
  A shadow (D:12)
  4 culicivoras
  3 wyverns
  3 water elementals
  3 fire elementals (D:15)
  6 wraiths
  45 yaks
  A basilisk (shapeshifter) (Elf:2)
  A steam dragon (D:9)
  2 basilisks
  A human (Bailey)
  4 redbacks (Spider:1)
  Menkaure (D:5)
  17 vampire mosquitoes
  3 wargs
  An acid dragon (D:10)
  18 water moccasins
  3 hell hounds (D:15)
  2 floating eyes
  An ice beast (D:6)
  35 orc warriors
  2 sky beasts
  2 black bears
  10 ogres
  16 wolves
  A boggart (Elf:1)
  27 centaurs
  A centaur (shapeshifter) (Elf:2)
  4 phantoms
  A lemure (D:5)
  3 gnoll sergeants
  6 kobold brigands
  An earth elemental (Elf:1)
  24 bullfrogs
  6 scorpions
  18 wights
  14 killer bees
  2 howler monkeys
  5 electric eels
  6 jellies
  An iron imp (D:5)
  8 hounds
  11 orc priests
  Crazy Yiuf (D:7)
  4 gnoll boudas
  2 sleepcaps (D:5)
  4 iguanas
  17 orc wizards
  4 polar bear simulacra (Lair:5)
  6 hell rats (Lair:4)
  2 yak simulacra (Lair:5)
  A small abomination (D:5)
  2 wolf simulacra (Lair:5)
  Robin (D:2)
  31 gnolls
  6 adders
  A shadow imp (D:6)
  3 white imps
  2 ufetubi (D:5)
  4 worms
  A dart slug (D:1)
  58 orcs
  7 ball pythons
  2 endoplasms (D:2)
  4 giant cockroaches
  17 goblins
  9 hobgoblins
  3 quokkas
  7 bats
  2 frilled lizards
  27 kobolds
  2 rats
  2 river rat simulacra (Lair:5)
982 creatures vanquished.

Vanquished Creatures (collateral kills)
  A fire dragon (Depths:1)
  3 hydras
  A two-headed ogre (D:11)
  2 dancing weapons
  A hell knight (Depths:1)
  A necromancer (Depths:2)
  A manticore (D:12)
  An ugly thing (D:13)
  A cane toad (Lair:4)
  A fire elemental (D:15)
  An orc warrior (Orc:2)
  A polar bear simulacrum (Lair:5)
  An orc (Orc:2)
16 creatures vanquished.

Vanquished Creatures (others)
  A fire giant (Depths:1)
  A deep elf zephyrmancer (Elf:2)
  A hornet (D:10)
  A hell hound (D:15)
  A centaur (D:13)
  2 gnolls (D:9)
  A goblin (D:9)
  4 spectral weapons
12 creatures vanquished.

Grand Total: 1010 creatures vanquished

Notes
Turn   | Place    | Note
-------+----------+-------------------------------------------
     0 | D:1      | olmar the Gnoll Warper began the quest for the Orb.
     0 | D:1      | Reached XP level 1. HP: 20/20 MP: 6/6
   206 | D:1      | Reached XP level 2. HP: 24/26 MP: 7/7
   209 | D:1      | Learned a level 2 spell: Blink
   212 | D:1      | Learned a level 2 spell: Lesser Beckoning
   815 | D:2      | Reached XP level 3. HP: 31/31 MP: 9/9
   847 | D:2      | Found a faded altar of an unknown god.
   858 | D:2      | Prayed at the altar of an unknown god.
   858 | D:2      | Became a worshipper of Gozag Ym Sagoz the Greedy
   884 | D:2      | Reached skill level 5 in Spellcasting
  1030 | D:2      | Found a blossoming altar of Fedhas.
  1393 | D:2      | Noticed Robin
  1551 | D:3      | Reached skill level 1 in Invocations
  1837 | D:3      | Reached skill level 1 in Short Blades
  1837 | D:3      | Reached skill level 1 in Long Blades
  1837 | D:3      | Reached skill level 1 in Axes
  1837 | D:3      | Reached skill level 1 in Polearms
  1837 | D:3      | Reached skill level 1 in Staves
  1837 | D:3      | Reached skill level 1 in Ranged Weapons
  1837 | D:3      | Reached skill level 1 in Stealth
  1837 | D:3      | Reached skill level 1 in Shields
  1837 | D:3      | Reached skill level 1 in Unarmed Combat
  1837 | D:3      | Reached skill level 1 in Evocations
  1884 | D:3      | Reached XP level 4. HP: 36/38 MP: 11/11
  1885 | D:3      | Reached skill level 1 in Shapeshifting
  2230 | D:3      | Reached skill level 1 in Conjurations
  2230 | D:3      | Reached skill level 1 in Hexes
  2230 | D:3      | Reached skill level 1 in Summonings
  2230 | D:3      | Reached skill level 1 in Necromancy
  2230 | D:3      | Reached skill level 1 in Transmutations
  2230 | D:3      | Reached skill level 1 in Fire Magic
  2230 | D:3      | Reached skill level 1 in Ice Magic
  2230 | D:3      | Reached skill level 1 in Air Magic
  2230 | D:3      | Reached skill level 1 in Earth Magic
  2230 | D:3      | Reached skill level 1 in Poison Magic
  2648 | D:4      | Noticed a black bear
  2996 | D:2      | Killed Robin
  3032 | D:2      | Reached XP level 5. HP: 26/43 MP: 12/12
  3251 | D:3      | Killed a black bear
  3360 | D:4      | Reached XP level 6. HP: 48/50 MP: 14/14
  3374 | D:4      | Identified the +0 chain mail of Luqeabasch {Int+2}
  3440 | D:4      | Identified the +0 robe of Duck's Teeth {Harm Int+2}
  3458 | D:4      | Reached skill level 5 in Fighting
  3458 | D:4      | Reached skill level 5 in Maces & Flails
  3458 | D:4      | Reached skill level 5 in Dodging
  3651 | D:4      | Found a radiant altar of Vehumet.
  4176 | D:4      | Reached XP level 7. HP: 28/56 MP: 15/15
  5115 | D:5      | Entered Level 5 of the Dungeon
  5919 | D:5      | Found a one-way gate to the infinite horrors of the Abyss.
  5919 | D:5      | Noticed osoart's ghost (novice MiSh)
  5919 | D:5      | Noticed an ancient zyme
  5942 | D:5      | Found a transporter.
  5942 | D:5      | Found a transporter.
  6336 | D:5      | Reached XP level 8. HP: 56/63 MP: 16/16
  6411 | D:5      | Noticed Menkaure
  6436 | D:5      | Killed Menkaure
  7109 | D:5      | Noticed Pikel
  7127 | D:5      | Killed Pikel
  7128 | D:5      | Reached XP level 9. HP: 47/69 MP: 18/18
  7644 | D:6      | Reached skill level 5 in Throwing
  7644 | D:6      | Reached skill level 5 in Armour
  7871 | D:6      | Learned a level 2 spell: Ensorcelled Hibernation
  7875 | D:6      | Learned a level 3 spell: Teleport Other
  7880 | D:6      | Learned a level 4 spell: Manifold Assault
  7883 | D:6      | Learned a level 2 spell: Passwall
  8288 | D:6      | Reached skill level 5 in Invocations
  8603 | D:6      | Found an ornate altar of the Wu Jian Council.
  8603 | D:6      | Found an iron altar of Okawaru.
  8767 | D:7      | Noticed Maggie
  8799 | D:7      | Killed Maggie
  8800 | D:7      | Reached XP level 10. HP: 39/77 MP: 18/20
  9489 | D:7      | Reached skill level 5 in Short Blades
  9489 | D:7      | Reached skill level 5 in Long Blades
  9489 | D:7      | Reached skill level 5 in Axes
  9489 | D:7      | Reached skill level 5 in Polearms
  9489 | D:7      | Reached skill level 5 in Staves
  9489 | D:7      | Reached skill level 5 in Ranged Weapons
  9489 | D:7      | Reached skill level 5 in Stealth
  9489 | D:7      | Reached skill level 5 in Shields
  9489 | D:7      | Reached skill level 5 in Unarmed Combat
  9489 | D:7      | Reached skill level 5 in Evocations
 10412 | D:7      | Noticed Joseph
 10421 | D:7      | Killed Joseph
 10573 | D:7      | Reached skill level 5 in Shapeshifting
 10638 | D:7      | Found a runed translucent door.
 10639 | D:7      | Noticed Crazy Yiuf
 10671 | D:7      | Found a staircase to the Ecumenical Temple.
 11028 | D:7      | Found Jaontu's Magic Scroll Emporium.
 11031 | D:7      | Bought a scroll of fog for 56 gold pieces
 11031 | D:7      | Bought a scroll of identify for 28 gold pieces
 11031 | D:7      | Bought 2 scrolls of blinking for 210 gold pieces
 11031 | D:7      | Bought a scroll of identify for 28 gold pieces
 11031 | D:7      | Bought a scroll of identify for 28 gold pieces
 11031 | D:7      | Bought a scroll of identify for 28 gold pieces
 11031 | D:7      | Bought a scroll of teleportation for 42 gold pieces
 11031 | D:7      | Bought a scroll of poison for 56 gold pieces
 11031 | D:7      | Bought a scroll of immolation for 56 gold pieces
 11276 | D:7      | Learned a level 2 spell: Scorch
 11280 | D:7      | Learned a level 3 spell: Frozen Ramparts
 11307 | D:8      | Found an ancient bone altar of Kikubaaqudgha.
 12150 | D:8      | Reached XP level 11. HP: 45/84 MP: 19/22
 12302 | D:8      | Found a hazy altar of Hepliaklqana.
 12454 | D:9      | Reached skill level 5 in Conjurations
 12454 | D:9      | Reached skill level 5 in Hexes
 12454 | D:9      | Reached skill level 5 in Summonings
 12454 | D:9      | Reached skill level 5 in Necromancy
 12454 | D:9      | Reached skill level 5 in Transmutations
 12454 | D:9      | Reached skill level 5 in Fire Magic
 12454 | D:9      | Reached skill level 5 in Ice Magic
 12454 | D:9      | Reached skill level 5 in Air Magic
 12454 | D:9      | Reached skill level 5 in Earth Magic
 12454 | D:9      | Reached skill level 5 in Poison Magic
 12496 | D:9      | Found a flagged portal.
 12575 | Bailey   | Entered a bailey
 12870 | Bailey   | Noticed Prince Ribbit
 12870 | Bailey   | Noticed a vault guard
 12906 | Bailey   | Killed a vault guard
 12979 | Bailey   | Killed Prince Ribbit
 13142 | Bailey   | Noticed a vault guard
 13170 | Bailey   | Killed a vault guard
 13998 | D:9      | Noticed Amaemon
 14032 | D:9      | Killed Amaemon
 15043 | D:10     | Entered Level 10 of the Dungeon
 15046 | D:10     | Bought a fine hat for 261 gold pieces
 15046 | D:10     | Identified the +2 hat of the Endless Expanse {+Inv rPois
                  | rC- Regen+} (You bought it in a shop on level 10 of the
                  | Dungeon)
 15119 | D:10     | Noticed a two-headed ogre
 15137 | D:10     | Killed a two-headed ogre
 15138 | D:10     | Reached XP level 12. HP: 90/94 MP: 24/24
 15332 | D:10     | Found a staircase to the Orcish Mines.
 15412 | D:10     | Noticed a two-headed ogre
 15416 | D:10     | Killed a two-headed ogre
 16086 | D:10     | Found a staircase to the Lair.
 16472 | Lair:1   | Entered Level 1 of the Lair of Beasts
 17773 | Lair:2   | Noticed a death yak
 17773 | Lair:2   | Noticed a death yak
 17774 | Lair:2   | Noticed a death yak
 17818 | Lair:1   | Killed a death yak
 18054 | Lair:2   | Found a transporter.
 18054 | Lair:2   | Noticed a boulder beetle
 18055 | Lair:2   | Found a transporter.
 18055 | Lair:2   | Noticed a boulder beetle
 18098 | Lair:2   | Noticed a death yak
 18160 | Lair:1   | Killed a death yak
 18378 | Lair:1   | Killed a death yak
 18393 | Lair:1   | Killed a death yak
 18394 | Lair:1   | Reached XP level 13. HP: 60/101 MP: 24/26
 18577 | Lair:2   | Found a staircase to the Shoals.
 19310 | Lair:3   | Found a runed translucent door.
 20037 | Lair:3   | Found a hole to the Spider Nest.
 20736 | Lair:2   | Bought the +4 Cigotuvi's embrace {Corpsefed rMiasma Drain
                  | rN+} for 910 gold pieces
 20736 | Lair:2   | Found the +4 Cigotuvi's embrace {Corpsefed rMiasma Drain
                  | rN+}
 20757 | Lair:2   | Learned a level 4 spell: Summon Ice Beast
 20941 | Lair:3   | Reached skill level 10 in Spellcasting
 21409 | Lair:4   | Reached skill level 10 in Fighting
 21409 | Lair:4   | Reached skill level 10 in Maces & Flails
 21409 | Lair:4   | Reached skill level 10 in Dodging
 22531 | Lair:4   | Identified a scroll of acquirement
 22533 | Lair:4   | Acquired the staff "Ilealal" {rF+ Will++ Str+4 Hexes Fire}
 22540 | Lair:4   | Learned a level 3 spell: Inner Flame
 22545 | Lair:4   | Learned a level 4 spell: Sticky Flame
 22613 | Lair:5   | Entered Level 5 of the Lair of Beasts
 22620 | Lair:5   | Reached XP level 14. HP: 103/110 MP: 21/28
 23235 | Lair:4   | Reached skill level 10 in Invocations
 25326 | Lair:5   | Found the ring of the Mage {Wiz Archmagi}
 25333 | Lair:5   | Identified the +0 pair of boots of the Burning Gods {Dex+8
                  | Stlth-}
 25334 | Lair:5   | Identified the amulet of Derupnuolycw {rF+ Regen+}
 25335 | Lair:5   | Identified the +3 rapier of the Kissing Queen {venom,
                  | Dex+4}
 25583 | Lair:5   | Found a viscous altar of Jiyva.
 25583 | Lair:5   | Found a staircase to the Slime Pits.
 26371 | D:11     | You fall into a shaft and drop 2 floors!
 26440 | D:13     | Noticed Nessos
 26544 | D:13     | Found Zot Jet's Book Shoppe.
 26666 | D:13     | Found Giddeoth's Weapon Emporium.
 26998 | D:13     | Reached skill level 10 in Throwing
 26998 | D:13     | Reached skill level 10 in Armour
 27108 | D:13     | Found Fiunn's Weapon Shoppe.
 27116 | D:13     | Found Plog's Book Emporium.
 27130 | D:13     | Killed Nessos
 27754 | D:11     | Found a portal to a secret trove of treasure.
 27985 | D:11     | Upgraded the game from 0.31-a0-810-ga77100ea1a to
                  | 0.31-a0-818-ge7c7cf74f0
 28311 | D:11     | Identified the +5 short sword of Eternal Harmony {freeze,
                  | Contam Int+3 Dex+4}
 28865 | Orc:1    | Entered Level 1 of the Orcish Mines
 29398 | Orc:2    | Entered Level 2 of the Orcish Mines
 29407 | Orc:2    | Found a staircase to the Elven Halls.
 29422 | Orc:2    | Reached skill level 10 in Translocations
 29439 | Orc:2    | Reached XP level 15. HP: 117/117 MP: 7/30
 30052 | Orc:2    | Reached skill level 10 in Short Blades
 30052 | Orc:2    | Reached skill level 10 in Long Blades
 30052 | Orc:2    | Reached skill level 10 in Axes
 30052 | Orc:2    | Reached skill level 10 in Polearms
 30052 | Orc:2    | Reached skill level 10 in Staves
 30052 | Orc:2    | Reached skill level 10 in Ranged Weapons
 30052 | Orc:2    | Reached skill level 10 in Stealth
 30052 | Orc:2    | Reached skill level 10 in Shields
 30052 | Orc:2    | Reached skill level 10 in Unarmed Combat
 30052 | Orc:2    | Reached skill level 10 in Evocations
 30585 | Orc:2    | Noticed bungle's ghost (adept TrSh)
 30716 | Orc:2    | Found an iron altar of Okawaru.
 30872 | Orc:2    | Found a runed translucent gate.
 30872 | Orc:2    | Found a runed translucent gate.
 30872 | Orc:2    | Found a runed translucent gate.
 30875 | Orc:2    | Identified the +6 glaive "Wianuote" {vamp, Drain Str+4
                  | Int+4}
 30878 | Orc:2    | Found an iron altar of Okawaru.
 30921 | Orc:2    | Found Bavum's General Store.
 30921 | Orc:2    | Found Osoffupn's Antique Armour Boutique.
 30923 | Orc:2    | Found Gyupsagh's Assorted Antiques.
 30925 | Orc:2    | Found Silidourph's Jewellery Emporium.
 30933 | Orc:2    | Bought 2 potions of curing for 96 gold pieces
 30936 | Orc:2    | Bought a scroll of teleportation for 75 gold pieces
 30936 | Orc:2    | Bought a wand of light (3) for 315 gold pieces
 31443 | D:12     | Noticed Nergalle
 31453 | D:12     | Killed Nergalle
 31600 | D:12     | Noticed Gastronok
 31611 | D:12     | Killed Gastronok
 31913 | D:12     | Found Cyozushreqid's Distillery.
 32090 | D:12     | Identified the +3 long sword "Leviticus" {drain, *Corrode
                  | rElec Str+3 Int+3}
 32179 | D:12     | Bought a scroll of identify for 68 gold pieces
 32179 | D:12     | Bought a scroll of identify for 68 gold pieces
 32179 | D:12     | Bought a potion of haste for 340 gold pieces
 32179 | D:12     | Bought a scroll of teleportation for 102 gold pieces
 32462 | D:13     | Found Cieweuw's General Store.
 32470 | D:13     | Bought a scroll of identify for 30 gold pieces
 32470 | D:13     | Bought a scroll of identify for 30 gold pieces
 32755 | D:13     | Found a gate to the Vaults.
 34596 | D:15     | Entered Level 15 of the Dungeon
 34922 | D:15     | Found a staircase to the Depths.
 35171 | D:15     | Noticed Josephine
 35181 | D:15     | Killed Josephine
 35499 | D:15     | Reached XP level 16. HP: 53/127 MP: 18/31
 35661 | D:15     | Noticed Azrael
 36182 | D:15     | Killed Azrael
 36608 | Lair:2   | Bought a runed cloak for 247 gold pieces
 36619 | Lair:2   | Bought a heavily runed leather armour for 231 gold pieces
 36619 | Lair:2   | Identified the +3 leather armour "Sytuonn" {Int+4} (You
                  | bought it in a shop on level 2 of the Lair of Beasts)
 36620 | Lair:2   | Bought a transparent ring mail for 297 gold pieces
 36620 | Lair:2   | Identified the +3 ring mail of Gozag's Pride {Int+4} (You
                  | bought it in a shop on level 2 of the Lair of Beasts)
 36621 | Lair:2   | Bought a glowing orb for 396 gold pieces
 37094 | Slime:1  | Entered Level 1 of the Pits of Slime
 37104 | Slime:1  | Noticed a rockslime
 37106 | Slime:1  | Noticed an acid blob
 37111 | Slime:1  | Upgraded the game from 0.31-a0-818-ge7c7cf74f0 to
                  | 0.31-a0-819-gf6de2f5ab6
 37385 | Elf:1    | Entered Level 1 of the Elven Halls
 37400 | Elf:1    | Reached skill level 10 in Shapeshifting
 37689 | Elf:1    | Learned a level 6 spell: Starburst
 39508 | Elf:2    | Found Axudd's Distillery.
 39514 | Elf:2    | Bought 2 potions of curing for 114 gold pieces
 39514 | Elf:2    | Bought a potion of curing for 57 gold pieces
 39514 | Elf:2    | Bought a potion of curing for 57 gold pieces
 39514 | Elf:2    | Bought a potion of curing for 57 gold pieces
 39514 | Elf:2    | Bought a potion of magic for 152 gold pieces
 39514 | Elf:2    | Bought a potion of mutation for 152 gold pieces
 39514 | Elf:2    | Bought a potion of lignification for 57 gold pieces
 40312 | Depths:1 | Entered Level 1 of the Depths
 40522 | Depths:1 | Found a shimmering blue altar of Sif Muna.
 40758 | Depths:1 | Noticed Gemnonof's ghost (adept DgCj)
 40759 | Depths:1 | Noticed a dread lich
 40885 | Depths:1 | Found a gateway to Hell.
 41274 | Depths:1 | Found a runed translucent door.
 41334 | Depths:1 | Reached XP level 17. HP: 116/134 MP: 20/33
 42292 | Depths:1 | Found a runed translucent door.
 43014 | Depths:2 | Found a radiant altar of Vehumet.
 43103 | Depths:2 | Identified the +6 scale mail of Awnizoomm {rC+ rN+ Int+3}
 43320 | Depths:2 | Found a one-way gate leading to the halls of Pandemonium.
 43379 | Depths:2 | Reached skill level 10 in Conjurations
 43379 | Depths:2 | Reached skill level 10 in Hexes
 43379 | Depths:2 | Reached skill level 10 in Summonings
 43379 | Depths:2 | Reached skill level 10 in Necromancy
 43379 | Depths:2 | Reached skill level 10 in Transmutations
 43379 | Depths:2 | Reached skill level 10 in Fire Magic
 43379 | Depths:2 | Reached skill level 10 in Ice Magic
 43379 | Depths:2 | Reached skill level 10 in Air Magic
 43379 | Depths:2 | Reached skill level 10 in Earth Magic
 43379 | Depths:2 | Reached skill level 10 in Poison Magic
 43881 | Shoals:1 | Entered Level 1 of the Shoals
 44078 | Spider:1 | Entered Level 1 of the Spider Nest
 44636 | D:7      | Killed Crazy Yiuf
 44755 | D:5      | Killed osoart's ghost
 46300 | Elf:2    | Found a runed translucent gate.
 46301 | Elf:2    | Found a runed translucent gate.
 46301 | Elf:2    | Found a runed translucent gate.
 46332 | Elf:3    | Entered Level 3 of the Elven Halls
 46332 | Elf:3    | Found a radiant altar of Vehumet.
 47974 | Elf:3    | Noticed a deep elf master archer
 47979 | Elf:3    | Killed a deep elf master archer
 48284 | Elf:3    | Noticed a deep elf blademaster
 48319 | Elf:3    | Killed a deep elf blademaster
 48697 | Elf:3    | Identified the amulet of Rarairu {Faith rC+}
 48703 | Elf:3    | Reached XP level 18. HP: 143/143 MP: 26/35
 49149 | Elf:3    | Noticed a Hell Sentinel
 49524 | Elf:3    | Identified the +5 ring mail of the End {rF+ Str+2}
 49524 | Elf:3    | Noticed a deep elf blademaster
 49558 | Elf:3    | Killed a deep elf blademaster
 50642 | Elf:3    | Identified the +1 lajatang of Qoogh {heavy, rPois rC+}
 50910 | Elf:3    | Identified the +0 swamp dragon scales of Zetsomp {rPois rF+
                  | Will+ Dex-2}
 51789 | Elf:3    | Identified the staff of Dim Light {rF+ Str+2 Fire}
 51831 | Elf:3    | Got an upside-down book
 51908 | Elf:3    | Identified the +2 cloak of the Other World {MP+9}
 52556 | Depths:1 | Upgraded the game from 0.31-a0-819-gf6de2f5ab6 to
                  | 0.31-a0-836-g3ceb0a68c4
 52694 | Depths:1 | Killed a dread lich
 52898 | Depths:1 | Killed Gemnonof's ghost
 53603 | Depths:2 | Noticed a lich
 54028 | Depths:2 | Found Doatoit's Blood Bar.
 54179 | Depths:2 | You fall into a shaft and drop 2 floors!
 54179 | Depths:4 | Entered Level 4 of the Depths
 54650 | Depths:4 | Found a gate to the Realm of Zot.
 54650 | Depths:4 | Noticed a golden dragon
 54932 | Depths:4 | Found Wosas's Book Emporium.
 54933 | Depths:4 | Found Nytofats's Jewellery Boutique.
 54934 | Depths:4 | Found Wecoseu's Book Emporium.
 55182 | Depths:4 | Reached XP level 19. HP: 136/151 MP: 3/36
 55987 | Depths:4 | Learned a level 6 spell: Eringya's Noxious Bog
 56815 | Depths:2 | Noticed a tentacled monstrosity
 56829 | Depths:2 | Killed a tentacled monstrosity
 56952 | Depths:2 | Noticed Aizul
 56977 | Depths:2 | Killed Aizul
 56980 | Depths:2 | Killed from afar by a spriggan air mage

Illustrated notes

Levels and vault maps discovered:
D:1:      mushboom_english_gardens, layout_loops_ring
D:2:      layout_basic, shapermc_ecumenical_altar_acropolis, basic_altar,
          minivault_11, uniq_robin
D:3:      layout_basic
D:4:      layout_basic, mainiacjoe_overflow_tiny_flanked, dreamdust_gnoll_farm
D:5:      layout_loops_ring, gammafunk_ghost_abyssal_escape, uniq_pikel,
          uniq_menkaure
D:6:      layout_gridville, gammafunk_temple_overflow_statue,
          minmay_misc_feat_room, chequers_mini_garden, minmay_joined_circles
D:7:      layout_loops_corners, minmay_temple_entry_large_hall, serial_shops,
          nicolae_shop_rolled_up, nzn_random_ring, uniq_maggie,
          uniq_crazy_yiuf_cottage, uniq_joseph
D:8:      layout_cave_pools, nzn_hepliaklqana_mist_gate,
          mainiacjoe_overflow_brackets
D:9:      layout_basic, enter_bailey_3, minmay_fractal_squares_diagonal_5,
          uniq_amaemon
D:10:     layout_basic, lair_entry_dummy, orc_david_3
D:11:     layout_loops_ring, nicolae_trove_entry_isolated,
          minmay_misc_feat_pillars, kennysheep_potato
D:12:     layout_cave_pools, serial_park, serial_park_gazebo
          [serial_park_minivault_5x5_7], serial_park_tiny_2,
          serial_park_tiny_pond, serial_park_avenue1, serial_park_avenue1,
          nicolae_take_the_stairs, uniq_gastronok, uniq_nergalle
D:13:     layout_basic, lightli_vaults_fourway_checkpoint, serial_shops,
          nicolae_diamond_shop, kennysheep_mini_moat,
          nicolae_shop_gibbet_a_chance, nicolae_shop_trees,
          nicolae_shop_waterfront, uniq_nessos
D:14:     layout_loops_ring, minmay_misc_feat_secret_circle
D:15:     grunt_enter_depths_giant_problem, layout_gridville, minivault_14,
          uniq_azrael, uniq_josephine
Lair:1:   layout_concentric_octagons, infiniplex_staircase_pool_2,
          grunt_megastairs_5
Lair:2:   gammafunk_boulding_lane, layout_regular_city, minmay_shoals_entry_hut
Lair:3:   layout_long_grid, hellmonk_spider_entry_not_the_bees, pf_torpor_hydra
Lair:4:   layout_regular_city, beast_lair_carwin_8, serial_bayou_shore_b,
          grunt_megastairs_3, serial_bayou_shore_a
Lair:5:   minmay_lair_end_frog_pond, layout_loops_ring,
          dpeg_slime_entry_enclosed, chequers_serial_rivers_small_3,
          eino_house_with_fridge
Shoals:1: layout_shoals, nicolae_shoals_pincushion_passage
Spider:1: layout_spider_delve, nicolae_spider_not_touching_you
Slime:1:  layout_caves, cheibrodos_slime_lost_civilization_5
Orc:1:    layout_diamond_mine, uniq_urug
Orc:2:    st_orc_rangers, layout_caves, gammafunk_ghost_fury_of_okawaru,
          okawaru_metal_pillars_3
Elf:1:    nicolae_elf_arrival_no_cutting_in_line, layout_geoelf_diagonals,
          hangedman_elf_disciples
Elf:2:    elven_hall_of_blades_hangedman_original [nicolae_blade_tridents],
          layout_gridlike, serial_shops, nicolae_shop_back_alley_shop,
          grunt_ministairs_3, nicolae_elf_variegated_diamond
Elf:3:    minmay_elf_hall_spiked, layout_geoelf_castle, basic_altar
Depths:1: layout_small_grid, muffindrake_ghost_dual_entry, hell_entry,
          lemuel_blue_sif_altar, abyss_entry, kennysheep_generic_room_10
Depths:2: hangedman_stitches_corridor, layout_cave_shapes, fiery_altar_vehumet,
          hell_entry, pan_entry, guppyfry_shop_blood, uniq_aizul
Depths:3: hangedman_box_tower, layout_gridlike, serial_shops,
          nicolae_shop_stone, hangedman_decor_push, hellmouth_1, abyss_entry,
          nicolae_uskayaw_dance_hall, infiniplex_staircase_door_maze,
          uniq_grunn, uniq_sojobo, uniq_norris
Depths:4: grunt_zot_entry_funnels, layout_gridlike, enter_ziggurat_a,
          hell_entry, minmay_shop_grove

Skill      XL: |  1  2  3  4  5  6  7  8  9 10 11 12 13 14 15 16 17 18 19 |
---------------+----------------------------------------------------------+-----
Spellcasting   | 5 6 7 8 9 10 11 12 13 14 | 14.2
Invocations    | 1 2 3 4 5 6 7 8 9 10 11 12 13 14 | 14.4
Short Blades   | 1 2 3 4 5 7 8 9 10 11 12 13 | 13.3
Long Blades    | 1 2 3 4 5 7 8 9 10 11 12 13 | 13.3
Axes           | 1 2 3 4 5 7 8 9 10 11 12 13 | 13.3
Polearms       | 1 2 3 4 5 7 8 9 10 11 12 13 | 13.3
Staves         | 1 2 3 4 5 7 8 9 10 11 12 13 | 13.3
Ranged Weapons | 1 2 3 4 5 7 8 9 10 11 12 13 | 13.3
Stealth        | 1 2 3 4 5 7 8 9 10 11 12 13 14 | 14.0
Shields        | 1 2 3 4 5 7 8 9 10 11 12 13 | 13.3
Unarmed Combat | 1 2 3 4 5 7 8 9 10 11 12 13 | 13.3
Evocations     | 1 2 3 4 5 7 8 9 10 11 12 13 | 13.3
Shapeshifting  | 1 2 3 4 5 6 7 8 9 10 11 12 | 12.3
Conjurations   | 1 2 3 4 5 6 7 8 9 10 11 | 11.3
Hexes          | 1 2 3 4 5 6 7 8 9 10 11 | 11.3
Summonings     | 1 2 3 4 5 6 7 8 9 10 11 | 11.3
Necromancy     | 1 2 3 4 5 6 7 8 9 10 11 | 11.3
Transmutations | 1 2 3 4 5 6 7 8 9 10 11 | 11.3
Fire Magic     | 1 2 3 4 5 6 7 8 9 10 11 | 11.3
Ice Magic      | 1 2 3 4 5 6 7 8 9 10 11 | 11.3
Air Magic      | 1 2 3 4 5 6 7 8 9 10 11 | 11.3
Earth Magic    | 1 2 3 4 5 6 7 8 9 10 11 | 11.3
Poison Magic   | 1 2 3 4 5 6 7 8 9 10 11 | 11.3
Throwing       | 3 4 5 6 7 8 9 10 11 12 13 | 13.5
Armour         | 3 4 5 6 7 8 9 10 11 12 13 | 13.5
Fighting       | 5 6 7 8 9 10 11 12 13 14 | 14.0
Maces & Flails | 5 6 7 8 9 10 11 12 13 14 | 14.0
Dodging        | 5 6 7 8 9 10 11 12 13 14 | 14.0
Translocations | 6 7 8 9 10 11 12 | 12.5

Action                     |  1- 3 |  4- 6 |  7- 9 | 10-12 | 13-15 | 16-18 | 19-21 || total
---------------------------+-------+-------+-------+-------+-------+-------+-------++-------
  Melee: Mace              |   109 |   143 |    14 |       |       |       |       ||   266
         Bite              |    11 |    15 |    49 |   104 |   112 |   130 |    36 ||   457
         Flail             |       |       |   137 |       |       |       |       ||   137
         Punch             |       |       |    17 |    12 |    42 |    36 |       ||   107
         Whip              |       |       |   196 |   290 |       |       |       ||   486
         Quarterstaff      |       |       |       |   507 |   311 |       |       ||   818
         Staff             |       |       |       |       |   483 |   756 |   127 ||  1366
  Throw: Dart              |     8 |    40 |    59 |   151 |   141 |    29 |       ||   428
         Boomerang         |       |    49 |    25 |    26 |   114 |    47 |       ||   261
         Throwing net      |       |       |     1 |     3 |       |       |       ||     4
   Cast: Blink             |     5 |    10 |     8 |     9 |    14 |    18 |       ||    64
         Manifold Assault  |       |       |     4 |    16 |    10 |     3 |       ||    33
         Lesser Beckoning  |       |       |     2 |       |       |       |       ||     2
         Frozen Ramparts   |       |       |       |    13 |     4 |    23 |     7 ||    47
         Ensorcelled Hiber |       |       |       |     1 |       |       |       ||     1
         Scorch            |       |       |       |    20 |   235 |   197 |    22 ||   474
         Passwall          |       |       |       |     2 |     2 |     2 |       ||     6
         Summon Ice Beast  |       |       |       |       |    22 |    39 |       ||    61
         Inner Flame       |       |       |       |       |    39 |    26 |     3 ||    68
         Sticky Flame      |       |       |       |       |   107 |   118 |    20 ||   245
         Teleport Other    |       |       |       |       |     1 |     1 |       ||     2
         Starburst         |       |       |       |       |       |    90 |    11 ||   101
         Eringya's Noxious |       |       |       |       |       |       |     1 ||     1
 Invoke: Potion Petition   |       |       |     1 |       |       |     2 |     2 ||     5
         Call Merchant     |       |       |       |     1 |     2 |       |       ||     3
  Evoke: Wand              |       |       |    12 |    21 |    37 |    28 |     4 ||   102
    Use: Scroll            |     2 |     3 |     6 |    11 |    20 |    15 |     3 ||    60
         Potion            |       |       |     2 |       |     6 |    10 |     6 ||    24
   Stab: Sleeping          |     1 |     1 |     3 |     4 |     4 |     3 |       ||    16
         Held in net/web   |       |       |     4 |     1 |       |       |       ||     5
         Distracted        |       |       |     1 |     8 |     7 |     6 |       ||    22
         Invisible         |       |       |       |       |       |     2 |       ||     2
 Armour: Leather armour    |    53 |   109 |   146 |    76 |   577 |   737 |   111 ||  1809
         Swamp dragon scal |       |       |       |   368 |   156 |       |       ||   524
  Dodge: Dodged            |    63 |   107 |   183 |   348 |   802 |   519 |    91 ||  2113
  Block: Other             |    18 |    47 |    61 |   141 |   101 |       |       ||   368
         Reflection        |     1 |     1 |       |     5 |       |    12 |       ||    19
         Kite shield       |       |       |       |       |       |   259 |    84 ||   343

Table legend: (Time is in decaauts)
 A = Elapsed time spent in this place.
 B = Non-inter-level travel time spent in this place.
 C = Inter-level travel time spent in this place.
 D = Time resting spent in this place.
 E = Time spent auto-exploring this place.
 F = Levels seen in this place.
 G = Mean time per level.
                   A        B        C        D        E       F      G
               +--------+--------+--------+--------+--------+-----+--------+
         Total |  56497 |  52649 |   3848 |  22122 |  19539 |  33 | 1712.0 |
       Dungeon |  25393 |  22929 |   2464 |   8793 |   9534 |  15 | 1692.9 |
          Lair |  11000 |  10178 |    822 |   3726 |   4080 |   5 | 2200.0 |
        Shoals |     16 |     16 |      0 |      0 |      0 |   1 |   16.0 |
   Spider Nest |    146 |    146 |      0 |     77 |      0 |   1 |  146.0 |
    Slime Pits |     32 |     32 |      0 |      0 |      1 |   1 |   32.0 |
  Orcish Mines |   2289 |   2165 |    124 |    566 |   1114 |   2 | 1144.5 |
   Elven Halls |   9536 |   9217 |    319 |   4962 |   2871 |   3 | 3178.7 |
        Depths |   7257 |   7141 |    116 |   3530 |   1737 |   4 | 1814.2 |
        Bailey |    826 |    826 |      0 |    467 |    201 |   1 |  826.0 |
               +--------+--------+--------+--------+--------+-----+--------+

Top non-repeatable levels by time:
   Elf:3: 5755 daAuts
Depths:1: 3779 daAuts
  Lair:4: 2998 daAuts
     D:7: 2826 daAuts
    D:13: 2461 daAuts
Depths:4: 2415 daAuts
  Lair:5: 2238 daAuts
     D:5: 2199 daAuts
  Lair:3: 2129 daAuts
   Elf:1: 2071 daAuts
    D:15: 2041 daAuts
  Lair:2: 2011 daAuts
    D:11: 1993 daAuts
     D:3: 1893 daAuts
     D:9: 1816 daAuts
